 Dungeon Crawl Stone Soup version 0.31-a0-229-g1fc7ce93e2 (webtiles) character file.

Game seed: 6927378543522645785

62 qw the Shooter (level 3, -1/27 (29) HPs)
             Began as a Minotaur Hexslinger on July 6, 2023.
             Slain by a wight
             ... wielding a +5 flail
              (12 damage)
             ... on level 3 of the Dungeon.
             The game lasted 00:00:37 (1729 turns).

qw the Shooter (Minotaur Hexslinger)                Turns: 1729, Time: 00:00:38

HP:   -1/27 (29)    AC:  2    Str: 12    XL:     3   Next: 85%
MP:   3/3           EV: 12    Int: 10    God:
Gold: 9             SH:  0    Dex: 14    Spells: 3/4 levels left

rFire   . . .        Y - +1 sling
rCold   . . .        (no shield)
rNeg    . . .        c - +0 robe
rPois   .            (helmet restricted)
rElec   .            (no cloak)
rCorr   .            (no gloves)
SInv    .            (no boots)
Will    .....        e - amulet of faith
Stlth   +            (no ring)
HPRegen 0.24/turn    (no ring)
MPRegen 0.08/turn

%: faith
@: drained
A: horns 2, retaliatory headbutt
a: no special abilities


You were on level 3 of the Dungeon.
You visited 1 branch of the dungeon, and saw 3 of its levels.

You collected 79 gold pieces.
You spent 70 gold pieces at shops.


Innate Abilities, Weirdness & Mutations

You have a pair of horns on your head.
You reflexively headbutt those who attack you in melee.


   Skills:
 - Level 2.0 Fighting
 + Level 4.4 Ranged Weapons
 - Level 2.1 Dodging
 - Level 1.0 Spellcasting
 - Level 2.0 Hexes


You had 3 spell levels left.
You knew the following spells:

 Your Spells              Type           Power      Damage    Failure   Level
a - Slow                  Hex            16%        N/A       16%         1

Your spell library contained the following spells:

 Spells                   Type           Power      Damage    Failure   Level
 Inner Flame              Hex/Fire       2%         N/A       56%         3
 Portal Projectile        Hex/Tloc       4%         N/A       56%         3
 Cause Fear               Hex            2%         N/A       83%         4

Inventory:

Hand Weapons
 Y - a +1 sling (weapon)
Armour
 c - a +0 robe (worn)
Jewellery
 e - an amulet of faith (around neck)
 h - an amulet of reflection
Scrolls
 i - 3 scrolls of teleportation
 j - a scroll of identify
Potions
 a - a potion of heal wounds
 d - a potion of mutation
 g - 2 potions of curing

Dungeon Overview and Level Annotations

Branches:
Dungeon (3/15)

Altars:
Sif Muna
Yredelemnul

Shops:
D:3 ?


Message History

You shoot a sling bullet. The sling bullet hits the endoplasm.
You kill the endoplasm!
A wight comes into view. It is wielding a +5 flail.
Enter note:
Enter note: A wight is nearby!
1720 ||| READING 2 scrolls of identify.
As you read the scroll of identify, it crumbles to dust.
d - a potion of mutation;
1720 ||| IDENTIFYING sapphire potion A wight is nearby!
A wight is nearby!
Enter note: 2 wights come into view.
Enter note:
Enter note:
Enter note: You shoot a sling bullet.
The sling bullet hits the wight but does no damage.
You shoot a sling bullet.
The sling bullet hits the wight but does no damage.
You shoot a sling bullet.
The sling bullet hits the wight but does no damage.
You shoot a sling bullet.
The sling bullet hits the wight but does no damage.
You shoot a sling bullet.
The sling bullet closely misses the wight.
The wight closely misses you. The wight completely misses you.
You shoot a sling bullet.
The sling bullet closely misses the wight.
The wight barely misses you. The wight hits you with a +0 scimitar!
The wight hits you with a +5 flail. The wight barely misses you.
You furiously retaliate!
You headbutt the wight. You shoot a sling bullet.
The sling bullet hits the wight but does no damage.
The wight is lightly damaged.
The wight hits you with a +5 flail.
You feel drained.
You shoot a sling bullet.
The sling bullet hits the wight but does no damage.
The wight hits you with a +5 flail!
You die...

#####.#.......##....#
........##.....<....#
#####.............<##
###...............#
..................#
##......#######..##
...##...#.....#.##
#### #...#..$$$#..
#.@z#.._.)#.
#.#z#...$.#.
#..#z#.....#
......###+###
###...........
#..........#
#.......... #..
.......


You could see 3 wights.

Vanquished Creatures
  3 dart slugs
  9 bats
  10 endoplasms
  A giant cockroach (D:1)
  4 goblins
  6 hobgoblins
  2 jackals (D:3)
  A kobold (D:2)
  2 quokkas (D:2)
  5 ball pythons
  4 frilled lizards
  3 rats
50 creatures vanquished.

Notes
Turn   | Place    | Note
-------+----------+-------------------------------------------
     0 | D:1      | qw the Minotaur Hexslinger began the quest for the Orb.
     0 | D:1      | Reached XP level 1. HP: 16/16 MP: 1/1
     0 | D:1      | 0 ||| qw: Version: 0.3-a-46-gb1f654a
     0 | D:1      | 0 ||| qw: Game counter: 1605
     0 | D:1      | 0 ||| qw: Melee chars always use a shield: true
     0 | D:1      | 0 ||| qw: God list: Okawaru
     0 | D:1      | 0 ||| qw: Allow faded altars: false
     0 | D:1      | 0 ||| qw: Do Orc after clearing Dungeon:15 true
     0 | D:1      | 0 ||| qw: Do second Lair branch before Depths: true
     0 | D:1      | 0 ||| qw: Lair rune preference: random
     0 | D:1      | 0 ||| qw: Goals: Normal
     0 | D:1      | 0 ||| PLANNING D:1-11
   193 | D:1      | Reached skill level 3 in Ranged Weapons
   193 | D:1      | Reached XP level 2. HP: 23/23 MP: 2/2
   625 | D:1      | 625 ||| UPGRADING to amulet of reflection.
   630 | D:1      | 630 ||| READING scroll labelled HAICOI SUIVIOR.
   631 | D:1      | 631 ||| READING scroll labelled TINODGHU JIMYUD.
   632 | D:1      | 632 ||| READING scroll labelled CEOP ROIPIREEH.
   633 | D:1      | 633 ||| READING scroll labelled DOSARI FERYTEQ.
   634 | D:1      | 634 ||| DRINKING 2 green potions.
   635 | D:1      | 635 ||| DROPPING scroll of poison.
   694 | D:2      | 694 ||| STAIRDANCE
   804 | D:2      | Reached XP level 3. HP: 29/29 MP: 3/3
   890 | D:2      | Found the +7 Kryia's mail coat {PotionHeal*2 rC+}
  1190 | D:2      | Reached skill level 4 in Ranged Weapons
  1597 | D:2      | 1597 ||| DROPPING amulet of magic regeneration.
  1598 | D:2      | 1598 ||| UPGRADING to amulet of faith.
  1608 | D:2      | 1608 ||| READING scroll labelled QEURRO TEPP.
  1609 | D:2      | 1609 ||| READING 2 scrolls labelled QUSIMUCEEVU.
  1612 | D:2      | 1612 ||| DRINKING 2 coppery potions.
  1658 | D:3      | Found a shimmering blue altar of Sif Muna.
  1664 | D:3      | Found Xaofue's Magic Scroll Boutique.
  1677 | D:3      | 1677 ||| FLEEEEING.
  1689 | D:3      | 1689 ||| SHOPLISTING 3 scrolls of identify (84 gold, have
                  | 79).
  1689 | D:3      | 1689 ||| BUYING scroll of identify (28 gold).
  1689 | D:3      | Bought a scroll of identify for 28 gold pieces
  1689 | D:3      | 1689 ||| BUYING scroll of teleportation (42 gold).
  1689 | D:3      | Bought a scroll of teleportation for 42 gold pieces
  1705 | D:3      | Found a basalt altar of Yredelemnul.
  1719 | D:3      | Noticed a wight
  1720 | D:3      | 1720 ||| READING 2 scrolls of identify.
  1720 | D:3      | 1720 ||| IDENTIFYING sapphire potion
  1721 | D:3      | Noticed a wight
  1721 | D:3      | Noticed a wight
  1729 | D:3      | Slain by a wight

Levels and vault maps discovered:
D:1:      giann_horns, layout_basic
D:2:      minmay_alternating_diamond, layout_loops_ring,
          chequers_serial_rivers_large_b
D:3:      layout_rooms, amcnicky_altar_gilded,
          mainiacjoe_overflow_surrounded_room, serial_shops,
          nicolae_diamond_shop, uniq_grinder

Skill      XL: |  1  2  3 |
---------------+----------+-----
Ranged Weapons | 3 4 |  4.4
Fighting       | 2 |  2.0
Dodging        | |  2.1
Spellcasting   | |  1.0
Hexes          | |  2.0

Action                     || total
---------------------------++-------
   Fire: Sling             ||   136
    Use: Scroll            ||     7
         Potion            ||     2
 Armour: Robe              ||    12
  Dodge: Dodged            ||    12
  Block: Other             ||     6

Table legend:
 A = Non-vault XP
 B = Vault XP
 C = Vault XP percentage of total XP
 D = Non-vault monster count
 E = Vault monster count
 F = Vault count percentage of total count
                 A         B        C        D         E       F
            +---------+---------+-------+---------+---------+-------
      Total |      77 |      12 |  13.5 |      44 |       6 |  12.0
            +---------+---------+-------+---------+---------+-------
        D:1 |      34 |       0 |   0.0 |      20 |       0 |   0.0
        D:2 |      31 |      12 |  27.9 |      18 |       6 |  25.0
        D:3 |      12 |       0 |   0.0 |       6 |       0 |   0.0
            +---------+---------+-------+---------+---------+-------
